 Dungeon Sprint DCSS version 0.31-a0-43-g46d131a48f (webtiles) character file.

Game seed: 16937659418312991785

998 sircluck the Grappler (level 8, -2/89 HPs)
             Began as a Troll Berserker on May 18, 2023.
             Was a Priest of Trog.
             Slain by a sixfirhy (12 damage)
             ... summoned by a kobold demonologist
             ... in the Dungeon (Sprint I: "Red Sonja").
             The game lasted 00:01:13 (205 turns).

sircluck the Grappler (Troll Berserker)              Turns: 205, Time: 00:01:14

Health: -2/89      AC:  4    Str: 28    XL:     8   Next: 0%
Magic:  7/7        EV: 12    Int:  3    God:    Trog [***...]
Gold:   411        SH:  0    Dex:  9    Spells: 7/7 levels left

rFire   . .          .
                       - Unarmed
rCold   . . .        (no shield)
rNeg    . . .        a - +0 animal skin
rPois   .            (helmet restricted)
rElec   .            (no cloak)
rCorr   .            (gloves unavailable)
SInv    .            (boots unavailable)
Will    .....        (no amulet)
Stlth   +            (no ring)
HPRegen 1.14/turn    (no ring)
MPRegen 0.10/turn

%: no teleportation
@: no status effects
A: large, unfitting armour, claws 3, regeneration 1, shaggy fur 1, tough skin 1
a: Renounce Religion, Berserk, Trog's Hand


You were in the Dungeon.
You worshipped Trog.
Trog was most pleased with you.
You visited 1 branch You collected 411 gold pieces.

Inventory:

Missiles
 i - 5 stones (quivered)
Armour
 a - a +0 animal skin (worn)
Wands
 h - a wand of mindburst (9)
Potions
 b - 2 potions of curing
 d - a potion of haste
 e - 2 potions of magic
 f - 2 potions of berserk rage


   Skills:
 + Level 8.7 Fighting
 + Level 8.2 Dodging
 + Level 11.5 Unarmed Combat


You had 7 spell levels left.
You didn't know any spells.
Your spell library was empty.

Dungeon Overview and Level Annotations

Branches:
Dungeon (1/1)

Altars:
Cheibriados
Dithmenos
Elyvilon
Fedhas
Gozag
Hepliaklqana
Kikubaaqudgha
Makhleb
Nemelex Xobeh
Okawaru
Qazlal
Ru
Sif Muna
Trog
Uskayaw
Vehumet
Wu Jian
Xom
Yredelemnul
Zin
The Shining One
Jiyva
Lugonu

Shops:
D !


Innate Abilities, Weirdness & Mutations

You are too large for most types of armour.
You have claws for hands.
Your natural rate of healing is unusually fast.
You are covered in fur. (AC +1)
You have tough skin. (AC +1)


Message History

The ufetubus disappears in a puff of smoke!
Your Dodging skill increases to level 8!
Your Unarmed Combat skill increases to level 11!
You have reached level 8!
You scratch the neqoxec.
The neqoxec is lightly wounded.
The neqoxec hits you!
You mangle the neqoxec!!
You kill the neqoxec!
The neqoxec disappears in a puff of smoke!
The shadow imp closely misses you.
You claw the kobold demonologist!
The kobold demonologist is lightly wounded.
The kobold demonologist hits you with a +0 dagger.
The sixfirhy hits you! The sixfirhy shocks you!
You barely miss the kobold demonologist.
The kobold demonologist is lightly wounded.
The sixfirhy hits you! The sixfirhy shocks you! The sixfirhy hits you!
* * * LOW HITPOINT WARNING * * *
The sixfirhy shocks you!
* * * LOW HITPOINT WARNING * * *
The sixfirhy closely misses you.
The kobold demonologist mumbles some strange words.
Blink to where?
Press: ? - help, Q - select action, (/) - cycle Dir - move target
As you read the scroll of blinking, it crumbles to dust.
Which direction?
You close the door.
There is an open door here.
Something unseen opens the door.
You feel much better. The sixfirhy hits you. The sixfirhy shocks you!
Okay, then.
There is an ornate altar of the Wu Jian Council here.
The sixfirhy hits you!
* * * LOW HITPOINT WARNING * * *
The sixfirhy shocks you!
* * * LOW HITPOINT WARNING * * *
The sixfirhy hits you but does no damage.
The sixfirhy closely misses you. The sixfirhy hits you!
You die...

##########################
#<.#..)..#..'..#__#.33.5.#
#..').#..)..#..3..'..#K5.#
#..#####'#####'#__####...+
#..####..#...#.#### ####
#..#__####..##.#
#..#_____##'#3.+
#⌠⌠#_.∩...'.@._#
####_..__##_.#'#
#_____###+#.# ####### ###


You could see a sixfirhy (summoned).

Vanquished Creatures
  A kobold demonologist (D)
  A slime creature (D)
  Sigmund (D)
  A yak (D)
  A floating eye (D)
  An ogre (D)
  A jelly (D)
  Ijyb (D)
8 creatures vanquished.

Notes
Turn   | Place    | Note
-------+----------+-------------------------------------------
     0 | D        | sircluck the Troll Berserker began the quest for the Orb.
     0 | D        | Reached XP level 1. HP: 22/22 MP: 0/0
     1 | D        | Noticed Ijyb
     9 | D        | Killed Ijyb
    10 | D        | Reached skill level 4 in Unarmed Combat
    10 | D        | Reached XP level 2. HP: 21/32 MP: 1/1
    24 | D        | Noticed an ogre
    27 | D        | Killed an ogre
    28 | D        | Reached skill level 5 in Fighting
    28 | D        | Reached skill level 6 in Unarmed Combat
    28 | D        | Reached XP level 3. HP: 42/42 MP: 2/2
    28 | D        | Reached XP level 4. HP: 50/50 MP: 3/3
    39 | D        | Noticed Sigmund
    60 | D        | Killed Sigmund
    60 | D        | Reached ** piety under Trog
    61 | D        | Reached skill level 8 in Unarmed Combat
    61 | D        | Reached XP level 5. HP: 42/61 MP: 4/4
    61 | D        | Reached XP level 6. HP: 47/68 MP: 5/5
    93 | D        | Found an ornate altar of the Wu Jian Council.
    93 | D        | Found a shimmering blue altar of Sif Muna.
    95 | D        | Found a radiant altar of Vehumet.
   117 | D        | Found Bahiragysi's Distillery.
   117 | D        | Found an ancient bone altar of Kikubaaqudgha.
   117 | D        | Found a hazy altar of Hepliaklqana.
   117 | D        | Found a stormy altar of Qazlal.
   117 | D        | Found a hide-covered altar of Uskayaw.
   117 | D        | Found a blossoming altar of Fedhas.
   117 | D        | Found a bloodstained altar of Trog.
   117 | D        | Found an iron altar of Okawaru.
   117 | D        | Found a basalt altar of Yredelemnul.
   117 | D        | Found a glowing golden altar of the Shining One.
   117 | D        | Found a snail-covered altar of Cheibriados.
   117 | D        | Found a sacrificial altar of Ru.
   117 | D        | Found a glowing silver altar of Zin.
   117 | D        | Found a shadowy altar of Dithmenos.
   117 | D        | Found a white marble altar of Elyvilon.
   117 | D        | Noticed a yak
   122 | D        | Killed a yak
   123 | D        | Reached skill level 9 in Unarmed Combat
   123 | D        | Found an opulent altar of Gozag.
   124 | D        | Found a sparkling altar of Nemelex Xobeh.
   167 | D        | Found a burning altar of Makhleb.
   167 | D        | Found a viscous altar of Jiyva.
   167 | D        | Found a shimmering altar of Xom.
   167 | D        | Found a corrupted altar of Lugonu.
   167 | D        | Noticed a slime creature
   173 | D        | Killed a slime creature
   173 | D        | Reached *** piety under Trog
   174 | D        | Reached skill level 10 in Unarmed Combat
   174 | D        | Reached XP level 7. HP: 73/80 MP: 6/6
   187 | D        | Noticed a kobold demonologist
   187 | D        | Noticed a kobold demonologist
   190 | D        | Noticed a neqoxec
   193 | D        | Noticed a sixfirhy
   193 | D        | Killed a kobold demonologist
   194 | D        | Reached skill level 11 in Unarmed Combat
   194 | D        | Reached XP level 8. HP: 83/89 MP: 7/7
   198 | D        | Noticed a smoke demon
   205 | D        | Slain by a sixfirhy

Illustrated notes

Levels and vault maps discovered:
D:        dungeon_sprint_1 [red_sonja_temple_1, red_sonja_temple_small_1]

Skill      XL: |  1  2  3  4  5  6  7 |
---------------+----------------------+-----
Fighting       | 3 5 6 8 |  8.7
Dodging        | 3 4 6 7 8 |  8.2
Unarmed Combat | 4 6 8 10 11 | 11.5

Action                     |  1- 3 |  4- 6 |  7- 9 || total
---------------------------+-------+-------+-------++-------
  Melee: Unarmed           |     9 |    24 |     8 ||    41
         Punch             |     1 |     3 |     1 ||     5
  Evoke: Wand              |     1 |       |       ||     1
    Use: Scroll            |       |       |     1 ||     1
         Potion            |       |       |     1 ||     1
 Armour: Animal skin       |       |     3 |     2 ||     5
  Dodge: Dodged            |     1 |     6 |    10 ||    17

Table legend: (Time is in decaauts)
 A = Elapsed time spent in this place.
 B = Non-inter-level travel time spent in this place.
 C = Inter-level travel time spent in this place.
 D = Time resting spent in this place.
 E = Time spent auto-exploring this place.
 F = Levels seen in this place.
 G = Mean time per level.
                   A        B        C        D        E       F      G
               +--------+--------+--------+--------+--------+-----+--------+
         Total |    199 |    199 |      0 |      0 |     56 |   1 |  199.0 |
       Dungeon |    199 |    199 |      0 |      0 |     56 |   1 |  199.0 |
               +--------+--------+--------+--------+--------+-----+--------+

Top non-repeatable levels by time:
       D: 199 daAuts
